 Dungeon Crawl Stone Soup version 0.28-a0-724-g66f9036eb4 (webtiles) character file.

Game seed: 12985396604582984650

497 KoroneIsBestGirl the Poker (level 6, 0/81 (84) HPs)
             Began as a Minotaur Fighter on Oct 26, 2021.
             Was an Initiate of Gozag.
             Slain by an ice beast (2 damage)
             ... on level 5 of the Dungeon.
             The game lasted 00:03:40 (2726 turns).

KoroneIsBestGirl the Poker (Minotaur Fighter)       Turns: 2726, Time: 00:03:41

HP:   0/81 (84)     AC:  8    Str: 22    XL:     6   Next: 93%
MP:   5/5           EV: 10    Int:  5    God:    Gozag
Gold: 328           SH:  4    Dex: 10    Spells: 2/5 levels left

rFire   . . .      SeeInvis .   a - +0 trident (freeze)
rCold   . . .      Faith    .   c - +0 buckler
rNeg    . . .      Spirit   .   b - +0 scale mail
rPois   .          Reflect  .   (helmet restricted)
rElec   .          Harm     .   (no cloak)
rCorr   .          Rampage  .   (no gloves)
Will    .....                   k - +0 pair of boots
Stlth   ..........              (no amulet)
HPRegen 0.23/turn               (no ring)
MPRegen 0.09/turn               (no ring)

@: berserking, hasted, lightly drained, very quick
A: horns 2, retaliatory headbutt
a: Renounce Religion, Potion Petition, Call Merchant, Bribe Branch


You were on level 5 of the Dungeon.
You worshipped Gozag.
Gozag was aware of your devotion.
You visited 1 branch of the dungeon, and saw 5 of its levels.

You collected 328 gold pieces.

Inventory:

Hand Weapons
 a - a +0 trident of freezing (weapon)
Missiles
 l - 56 stones (quivered)
Armour
 b - a +0 scale mail (worn)
 c - a +0 buckler (worn)
 k - a +0 pair of boots (worn)
Wands
 d - a wand of paralysis (9)
 m - a wand of digging (8)
Scrolls
 f - a scroll of identify
 j - 3 scrolls of enchant armour {unknown}
 n - a scroll of amnesia
 o - a scroll of torment {unknown}
Potions
 h - a potion of ambrosia {unknown}
 q - a potion of flight {unknown}


   Skills:
 + Level 5.0 Fighting
 + Level 5.9 Polearms
 + Level 5.8 Armour
 + Level 1.6 Dodging
 + Level 0.1 Stealth
 + Level 4.6 Shields


You had 2 spell levels left.
You knew the following spells:

 Your Spells              Type           Power      Damage    Failure   Level
a - Frozen Ramparts       Ice            0%         1d2       98%         3

Your spell library contained the following spells:

 Spells                   Type           Power      Damage    Failure   Level
 Freeze                   Ice            0%         1d3       78%         1
 Passwall                 Tmut/Erth      0%         N/A       89%         2
 Swiftness                Air            0%         N/A       98%         3
 Hailstorm                Conj/Ice       0%         3d3       100%        4
 Invisibility             Hex            0%         N/A       100%        6


Dungeon Overview and Level Annotations

Branches:
Dungeon (6/15)             Temple (0/1) D:6

Altars:
Dithmenos
Gozag
Hepliaklqana
Okawaru
The Shining One

Annotations:
D:5 1 runed translucent door, Crazy Yiuf


Innate Abilities, Weirdness & Mutations

You have a pair of horns on your head.
You reflexively headbutt those who attack you in melee.


Message History

You are too injured to fight recklessly!
You are too injured to fight recklessly!
You are too injured to fight recklessly!
Reach: a) +0 trident
Press: ? - help, Dir - move target, f/p - water moccasin zombie
Aim: a water moccasin zombie (severely damaged, about 41% to evade your +0 trident)
You hit the water moccasin zombie but do no damage.
You headbutt the water moccasin zombie!
The water moccasin zombie is almost destroyed.
The water moccasin zombie barely misses you.
You furiously retaliate!
You headbutt the water moccasin zombie.
Reach: a) +0 trident
Press: ? - help, Dir - move target, f/p - water moccasin zombie
Aim: a water moccasin zombie (almost destroyed, about 41% to evade your +0 trident)
You puncture the water moccasin zombie!
You destroy the water moccasin zombie!
Reach: a) +0 trident
Press: ? - help, Dir - move target, f - ice beast
Aim: an ice beast (about 41% to evade your +0 trident)
You hit the ice beast.
The ice beast is lightly wounded.
The ice beast hits you.
* * * LOW HITPOINT WARNING * * *
The ice beast freezes you!
* * * LOW HITPOINT WARNING * * *
Okay, then.
Okay, then.
As you read the scroll labelled RACAPHYFICW, it crumbles to dust.
It is a scroll of brand weapon.
Your +0 trident is covered with a thin layer of ice!
a - a +0 trident of freezing (weapon)
As you read the scroll labelled IMATUI YHAESYUFAKH, it crumbles to dust.
It is a scroll of identify.
n - a scroll of amnesia The ice beast barely misses you.
It was a potion of berserk rage.
A red film seems to cover your vision as you go berserk!
You feel yourself moving faster!
You feel mighty! The ice beast hits you.
You die...
Your body crumbles into a pile of gold.

###.# ########...#
### ##.........# .)#
..........## ..#
..###....>.## .. ###
#.......# +#
#.......# ♣♣. $
##...#### ♣.♣ #..##
♣♣@♣ #..## ♣Y♣♣
##...#### ♣♣.♣♣
#.......# ♣.PP♣♣ #
#.......# ♣Z♣PP♣
#####.....### #O...#
#........## ##..##
.#........######O..#
##...........O.....#


You could see an ice beast.

Vanquished Creatures
  Purgy (D:3)
  A scorpion (D:5)
  A water moccasin zombie (D:5)
  An orc priest (D:5)
  A bullfrog skeleton (D:5)
  Ijyb (D:5)
  Jessica (D:3)
  2 iguanas (D:5)
  An orc wizard (D:5)
  2 adders (D:3)
  2 worms
  A dart slug (D:1)
  4 orcs (D:5)
  10 endoplasms
  2 giant cockroaches (D:1)
  7 goblins
  6 hobgoblins
  7 kobolds
  2 quokkas (D:5)
  6 ball pythons
  4 bats
  3 frilled lizards
  10 rats
76 creatures vanquished.

Vanquished Creatures (others)
  4 fungi (D:5)
4 creatures vanquished.

Grand Total: 80 creatures vanquished

Notes
Turn   | Place    | Note
-------+----------+-------------------------------------------
     0 | D:1      | KoroneIsBestGirl the Minotaur Fighter began the quest for
                  | the Orb.
     0 | D:1      | Reached XP level 1. HP: 19/19 MP: 0/0
   119 | D:1      | Reached XP level 2. HP: 27/27 MP: 1/1
   604 | D:1      | Reached XP level 3. HP: 33/33 MP: 2/2
  1024 | D:2      | Found a hazy altar of Hepliaklqana.
  1511 | D:2      | Found a faded altar of an unknown god.
  1545 | D:2      | Prayed at the altar of an unknown god.
  1545 | D:2      | Became a worshipper of Gozag Ym Sagoz the Greedy
  1619 | D:3      | Found an iron altar of Okawaru.
  1622 | D:3      | Noticed Purgy
  1630 | D:3      | Killed Purgy
  1631 | D:3      | Reached skill level 1 in Dodging
  1631 | D:3      | Reached XP level 4. HP: 37/41 MP: 3/3
  1631 | D:3      | Reached XP level 5. HP: 43/47 MP: 4/4
  1720 | D:3      | Learned a level 3 spell: Frozen Ramparts
  1930 | D:3      | Noticed Jessica
  1940 | D:3      | Killed Jessica
  1980 | D:3      | You fall into a shaft and drop 3 floors!
  1985 | D:6      | Found a staircase to the Ecumenical Temple.
  2017 | D:5      | Entered Level 5 of the Dungeon
  2033 | D:5      | Reached skill level 5 in Armour
  2182 | D:5      | Reached skill level 5 in Polearms
  2182 | D:5      | Reached XP level 6. HP: 49/53 MP: 5/5
  2198 | D:5      | Found a glowing golden altar of the Shining One.
  2303 | D:5      | Found a shadowy altar of Dithmenos.
  2306 | D:5      | Noticed Ijyb
  2306 | D:5      | Paralysed by Ijyb for 6 turns
  2315 | D:5      | Paralysed by Ijyb for 4 turns
  2321 | D:5      | Paralysed by Ijyb for 2 turns
  2331 | D:5      | Killed Ijyb
  2609 | D:5      | Paralysed by an orc for 3 turns
  2646 | D:5      | Noticed an ice beast
  2668 | D:5      | Reached skill level 5 in Fighting
  2709 | D:5      | Found a runed translucent door.
  2710 | D:5      | Noticed Crazy Yiuf
  2723 | D:5      | HP: 1/54 [ice beast (13)]
  2726 | D:5      | Slain by an ice beast

Illustrated notes

Levels and vault maps discovered:
D:1:      kennysheep_arrival_seaside, layout_basic
D:2:      layout_basic, basic_altar, chequers_ecumenical_altar_grove,
          minmay_misc_feat_plants
D:3:      layout_loops_ring, okawaru_metal_pillars_1_2,
          gammafunk_temple_overflow_elements, mainiacjoe_overflow_alcove_2,
          uniq_jessica, uniq_purgy
D:5:      black_bear_nest_1, layout_layer_cave, lemuel_crystal_altar,
          mainiacjoe_overflow_brackets, gup_sewer_entry_pipe,
          chequers_serial_rivers_small_3, minmay_misc_feat_x,
          minmay_ruined_shrine, uniq_crazy_yiuf_cottage, uniq_ijyb
D:6:      layout_layer_cave, kennysheep_mini_moat, lemuel_doored_altar,
          minmay_temple_entry_butterflies, enter_ossuary_1, uniq_edmund

Skill      XL: |  1  2  3  4  5  6 |
---------------+-------------------+-----
Armour         | 4 5 |  5.8
Fighting       | 4 5 |  5.0
Shields        | 4 |  4.6
Polearms       | 3 5 |  5.9
Dodging        | 1 |  1.6
Stealth        | |  0.1

Action                   |  1- 3 |  4- 6 || total
-------------------------+-------+-------++-------
Melee: Trident           |   104 |    98 ||   202
       Headbutt          |    12 |    11 ||    23
  Use: Potion            |       |     4 ||     4
       Scroll            |       |     3 ||     3
 Stab: Distracted        |       |     1 ||     1
Armor: Scale mail        |    23 |    30 ||    53
Dodge: Dodged            |    29 |    24 ||    53
Block: Buckler           |    14 |    16 ||    30

Table legend: (Time is in decaauts)
 A = Elapsed time spent in this place.
 B = Non-inter-level travel time spent in this place.
 C = Inter-level travel time spent in this place.
 D = Time resting spent in this place.
 E = Time spent auto-exploring this place.
 F = Levels seen in this place.
 G = Mean time per level.
                   A        B        C        D        E       F      G
               +--------+--------+--------+--------+--------+-----+--------+
         Total |   2749 |   2601 |    148 |      0 |   2039 |   5 |  549.8 |
       Dungeon |   2749 |   2601 |    148 |      0 |   2039 |   5 |  549.8 |
               +--------+--------+--------+--------+--------+-----+--------+

Top non-repeatable levels by time:
     D:1: 866 daAuts
     D:2: 773 daAuts
     D:5: 707 daAuts
     D:3: 364 daAuts
     D:6: 36 daAuts
